[Event "*** Titled Tuesday Blitz"]
[Site "Chess.com"]
[Date "2019.07.02"]
[Round "7"]
[White "OglazaOskar2005"]
[Black "ruzomberok"]
[Result "1-0"]
[WhiteElo "2277"]
[BlackElo "2422"]
[TimeControl "180+2"]
[EndTime "14:32:51 PDT"]
[Termination "OglazaOskar2005 won by resignation"]

1. e4 c5 2. Nf3 d6 3. d4 cxd4 4. Nxd4 Nf6 5. Nc3 Nc6 6. Bg5 e6 7. Qd2 a6 8. O-O-O Bd7 9. Nxc6 Bxc6 10. f3 b5 11. Ne2 Be7 12. Be3 O-O 13. Nd4 Bd7 14. g4 Qc7 15. h4 b4 16. h5 e5 17.
Nf5 Bxf5 18. gxf5 a5 19. Rg1 a4 20. Bh6 g6 21. hxg6 fxg6 22. fxg6 Nh5 23. Bxf8 Rxf8 24. Qh6 1-0

[Event "*** Titled Tuesday Blitz"]
[Site "Chess.com"]
[Date "2019.07.02"]
[Round "7"]
[White "Fins0905"]
[Black "pulvettd"]
[Result "1-0"]
[WhiteElo "2736"]
[BlackElo "2507"]
[TimeControl "180+2"]
[EndTime "14:33:04 PDT"]
[Termination "Fins0905 won on time"]

1. Nf3 c5 2. c4 e6 3. Nc3 Nc6 4. g3 d6 5. Bg2 Nf6 6. d4 Be7 7.
d5 Na5 8. e4 exd5 9. cxd5 O-O 10. O-O b6 11. e5 dxe5 12. Nxe5 Bd6 13. Nc6 Nxc6 14. dxc6 Ba6 15. Re1 Rc8 16. Qa4 Bd3 17. Qxa7 b5 18. Bg5 g6 19. Nd5 Nxd5 20. Bxd8 Nb4 21. c7 Bxc7 22. Bxc7 Nc2 23. Bd6 1-0

[Event "*** Titled Tuesday Blitz"]
[Site "Chess.com"]
[Date "2019.07.02"]
[Round "7"]
[White "JuliaEfremova"]
[Black "Orest_Vovk"]
[Result "1/2-1/2"]
[WhiteElo "1998"]
[BlackElo "2332"]
[TimeControl "180+2"]
[EndTime "14:33:07 PDT"]
[Termination "Game drawn by agreement"]

1. d4 h6 2. Bf4 d6 3. e3 g5 4.
Bg3 Bg7 5. c3 Nf6 6. h3 c5 7. Bd3 Nc6 8. Nd2 Bd7 9. Ngf3 O-O 10. Rc1 Re8 11. Bb1 e5 12. Nc4 Be6 13. dxe5 Bxc4 14. exf6 Qxf6 15. Qxd6 Qxd6 16. Bxd6 b6 17. b3 Ba6 18. c4 Rad8 19. Bg3 Bc8 20. O-O Nb4 21.
Rcd1 Bb7 1/2-1/2

[Event "*** Titled Tuesday Blitz"]
[Site "Chess.com"]
[Date "2019.07.02"]
[Round "7"]
[White "Grischuk"]
[Black "Nightlord1"]
[Result "1-0"]
[WhiteElo "3077"]
[BlackElo "2161"]
[TimeControl "180+2"]
[EndTime "14:33:10 PDT"]
[Termination "Grischuk won by resignation"]

1. e4 e5 2. Nf3 d5 3. Nxe5 dxe4 4. d4 Bd6 5. Nc4 Nf6 6. Bg5 O-O 7. Be2 Nc6 8. c3 h6 9. Bh4 g5 10. Bg3 Bf4 11.
Nba3 Nd5 12. Nc2 f5 13. a4 Be6 14. N2e3 Qf6 15. Qc2 Rad8 16. h4 Bxg3 17. fxg3 Kg7 18. hxg5 hxg5 19. O-O-O Rh8 20. Rhf1 Nce7 21. Ng4 Qg6 22.
Nge5 Qh5 23. Bxh5 1-0

[Event "*** Titled Tuesday Blitz"]
[Site "Chess.com"]
[Date "2019.07.02"]
[Round "7"]
[White "monalize"]
[Black "volcanoexplorer"]
[Result "0-1"]
[WhiteElo "2322"]
[BlackElo "2525"]
[TimeControl "180+2"]
[EndTime "14:33:16 PDT"]
[Termination "volcanoexplorer won by resignation"]

1. e4 e5 2. Nf3 Nc6 3. Bb5 a6 4. Ba4 Nf6 5. Bxc6 dxc6 6. d3 Bd6 7. O-O O-O 8. Nbd2 Qe7 9. Nc4 b5 10. Ne3 Be6 11. b3 Nd7 12. Bb2 f6 13. g3 Bh3 14.
Ng2 f5 15. exf5 Rxf5 16. Nd2 Raf8 17. Qe2 Nc5 18. Rae1 Ne6 19. d4 Ng5 20. dxe5 Bb4 21. f4 Qc5+ 22. Kh1 Qxc2 23. Nf3 Qxe2 24. Rxe2 Nxf3 25.
Rxf3 Bg4 26. Rfe3 Bxe2 27. Rxe2 Rd8 28. Ne3 Rff8 29. f5 Rd2 0-1

[Event "*** Titled Tuesday Blitz"]
[Site "Chess.com"]
[Date "2019.07.02"]
[Round "7"]
[White "Colombiano07"]
[Black "resha1988"]
[Result "0-1"]
[WhiteElo "2171"]
[BlackElo "2739"]
[TimeControl "180+2"]
[EndTime "14:33:27 PDT"]
[Termination "resha1988 won by resignation"]

1. e4 c5 2. b3 Nf6 3. e5 Nd5 4. c4 Nc7 5. Nc3 Nc6 6. Nf3 g6 7. Bb2 Bg7 8. Nd5 O-O 9. Be2 d6 10. Nxc7 Qxc7 11. exd6 Qxd6 12. Bxg7 Kxg7 13. O-O Bf5 14. Qc1 Rad8 15. Qc3+ Qf6 16. Rad1 b6 17. Rfe1 Bg4 18. Qe3 Rd7 19. h3 Bxf3 20. Bxf3 Nd4 21. Be4 Rfd8 22. Rf1 a5 23. d3 e6 24. Kh2 Qe5+ 25.
f4 Qc7 26. Bf3 Nf5 27. Qe4 Rd4 28. Qe5+ Qxe5 29. fxe5 Ne3 0-1

[Event "*** Titled Tuesday Blitz"]
[Site "Chess.com"]
[Date "2019.07.02"]
[Round "7"]
[White "Gattass"]
[Black "Bad4life"]
[Result "0-1"]
[WhiteElo "2290"]
[BlackElo "2360"]
[TimeControl "180+2"]
[EndTime "14:33:40 PDT"]
[Termination "Bad4life won by resignation"]

1. e4 d6 2. d4 Nf6 3. Nc3 g6 4.
g3 Bg7 5. Bg2 O-O 6. Nge2 Nbd7 7. h3 c5 8. b3 cxd4 9. Nxd4 Qc7 10. Bb2 a6 11. a4 Nc5 12. O-O Rb8 13. Nd5 Qd8 14. a5 Ncxe4 15. Nb6 e5 16. Ne2 Be6 17.
Ba3 Nc5 18. c4 Qe7 19. Nc3 Rfd8 20. Re1 Qf8 21. Qc2 Bf5 22. Qd1 h5 23. Re3 Bh6 24.
Re2 Bd3 25. Re1 Bf5 26. b4 Ne6 27. f3 Nd4 28. g4 Bc2 29. Ncd5 Nxd5 30. Nxd5 Bxd1 31.
Raxd1 Nc2 0-1

[Event "*** Titled Tuesday Blitz"]
[Site "Chess.com"]
[Date "2019.07.02"]
[Round "7"]
[White "GameOverBro"]
[Black "GMHess"]
[Result "0-1"]
[WhiteElo "2485"]
[BlackElo "2729"]
[TimeControl "180+2"]
[EndTime "14:33:42 PDT"]
[Termination "GMHess won by resignation"]

1. e4 d6 2. d4 Nf6 3. Nc3 c6 4. h3 Nbd7 5. a4 e5 6. Nge2 Be7 7. g3 O-O 8. Bg2 Re8 9. O-O Bf8 10. f4 b6 11.
dxe5 dxe5 12. f5 Ba6 13. Qe1 Bb4 14. Bd2 Nc5 15. Rd1 Qc7 16. Nb5 cxb5 17. Bxb4 bxa4 18. Nc3 Bxf1 19. Qxf1 Rad8 20. Nd5 Nxd5 21. exd5 e4 22. Kh2 e3 23. Qe2 Ne4 24. Bxe4 Rxe4 25. d6 Qc4 26. Qxc4 Rxc4 27. c3 a5 28. Ba3 b5 29.
Rd3 Re4 0-1

[Event "*** Titled Tuesday Blitz"]
[Site "Chess.com"]
[Date "2019.07.02"]
[Round "7"]
[White "ASargsyan1"]
[Black "Alopekos"]
[Result "1-0"]
[WhiteElo "2602"]
[BlackElo "2464"]
[TimeControl "180+2"]
[EndTime "14:33:51 PDT"]
[Termination "ASargsyan1 won by resignation"]

1. d4 Nf6 2. c4 e6 3. Nf3 d5 4. Nc3 c5 5. cxd5 cxd4 6. Qxd4 exd5 7. Bg5 Be7 8. e3 O-O 9. Qh4 h6 10. Bxh6 Ne4 11. Qh5 gxh6 12. Bd3 Be6 13. Qxh6 Nd7 14. Nxe4 dxe4 15. Bxe4 Nf6 16. Ng5 Qa5+ 17. Kf1 Bc4+ 18. Kg1 Rfd8 19. Bh7+ Kh8 20. Bd3+ Kg8 21. Bxc4 1-0

[Event "*** Titled Tuesday Blitz"]
[Site "Chess.com"]
[Date "2019.07.02"]
[Round "7"]
[White "Semen_Khanin"]
[Black "tigra"]
[Result "1-0"]
[WhiteElo "2719"]
[BlackElo "2735"]
[TimeControl "180+2"]
[EndTime "14:34:00 PDT"]
[Termination "Semen_Khanin won by resignation"]

1. Nf3 Nf6 2. c4 g6 3. Nc3 d5 4. cxd5 Nxd5 5. Qc2 Bg7 6. e4 Nb4 7. Qa4+ N8c6 8. d4 Bxd4 9. Nxd4 Qxd4 10. Be3 Qe5 11. f4 Qa5 12. Qxa5 Nxa5 13. Rc1 a6 14. a3 Nbc6 15. Nd5 O-O 16. Nxc7 Rb8 17. b4 Nb3 18. Rd1 Bg4 19. Be2 Bxe2 20. Kxe2 Rfd8 21. Nd5 e6 22. Nb6 Ncd4+ 23. Kf2 Nc2 24. Nd7 Rbc8 25. Bb6 Kg7 26. Rd3 Nc1 27. Rxc1 Nxb4 28. axb4 Rxd7 29. Rxd7 Rxc1 30.
Bd4+ Kh6 31. Rxf7 Rc4 32. Bg7+ Kh5 33. Be5 h6 34. Rxb7 Rxe4 35. Rb6 g5 36. g3 Kg4 37.
Rxe6 Rxb4 38. Rxa6 h5 39. Rg6 h4 40. Rxg5+ Kh3 41. Rh5 Kg4 42. Rxh4+ Kf5 43. Rh8 Rb3 44. Kg2 Ra3 45. h4 1-0

[Event "*** Titled Tuesday Blitz"]
[Site "Chess.com"]
[Date "2019.07.02"]
[Round "7"]
[White "dmosesov"]
[Black "ChessWeebs"]
[Result "0-1"]
[WhiteElo "2512"]
[BlackElo "2810"]
[TimeControl "180+2"]
[EndTime "14:34:05 PDT"]
[Termination "ChessWeebs won by resignation"]

1. d4 d5 2. c4 dxc4 3. Nf3 Nf6 4. e3 e6 5. Bxc4 a6 6. O-O Nbd7 7. Qe2 b5 8. Bb3 Bb7 9. Rd1 c5 10. dxc5 Qc7 11.
Nc3 Bxc5 12. Bd2 O-O 13. Rac1 Rac8 14. a4 b4 15. Nb1 a5 16. h3 Nb6 17. Nd4 Qe7 18. Be1 Ne4 19. f3 Nd6 20. Bf2 Bxd4 21. Rxc8 Rxc8 22. Rxd4 Bd5 23. Nd2 Rc1+ 24. Kh2 Nf5 25.
Rf4 g5 26. Rxf5 exf5 27. Bxd5 Nxd5 28. Qd3 Qe5+ 29. Bg3 Qxe3 0-1

[Event "*** Titled Tuesday Blitz"]
[Site "Chess.com"]
[Date "2019.07.02"]
[Round "7"]
[White "Samantha_Ross"]
[Black "Synctel"]
[Result "1-0"]
[WhiteElo "2039"]
[BlackElo "2005"]
[TimeControl "180+2"]
[EndTime "14:34:06 PDT"]
[Termination "Samantha_Ross won on time"]

1. c4 e5 2. d3 Nf6 3. Nf3 Nc6 4.
g3 d5 5. cxd5 Nxd5 6. Bg2 Be7 7.
O-O O-O 8. Nc3 Be6 9. a3 a5 10. Nxd5 Bxd5 11. b3 Nd4 12. Nxd4 Bxg2 13. Kxg2 exd4 14.
Bf4 c5 15. e4 dxe3 16. Bxe3 Qd5+ 17. Qf3 Rfd8 18. Rfd1 a4 19. bxa4 Rxa4 20. Qxd5 Rxd5 21. Rab1 Rd7 22. Rb3 c4 23. Rc3 Bf6 24. d4 b5 25. Rb1 Ra5 26. Rc2 Kf8 27. Bd2 Rxa3 28. Bb4+ 1-0

[Event "*** Titled Tuesday Blitz"]
[Site "Chess.com"]
[Date "2019.07.02"]
[Round "7"]
[White "Genghis_K"]
[Black "rasmussvane"]
[Result "1/2-1/2"]
[WhiteElo "2838"]
[BlackElo "2894"]
[TimeControl "180+2"]
[EndTime "14:34:09 PDT"]
[Termination "Game drawn by repetition"]

1. d4 d5 2. Bf4 Nf6 3. e3 e6 4.
Nf3 Bd6 5. Nbd2 O-O 6. Bd3 c5 7. c3 b6 8. Qe2 a5 9. O-O Ba6 10. Rfe1 Bxd3 11. Qxd3 Nc6 12. Rad1 Re8 13. Bxd6 Qxd6 14.
e4 dxe4 15. Nxe4 Nxe4 16. Qxe4 cxd4 17. Nxd4 Nxd4 18. Rxd4 Qc7 19. Red1 Rad8 20. a4 g6 21. Qd3 Rxd4 22. Qxd4 e5 23. Qd6 Qc4 24. Qd7 Re6 25. h3 Kg7 26. Rd6 Qf4 27. g3 Qc1+ 28. Kg2 Rxd6 29. Qxd6 Qxb2 30. Qxe5+ Kg8 31. Qe8+ Kg7 32. Qe5+ Kg8 33. Qe8+ Kg7 34. Qe5+ 1/2-1/2

[Event "*** Titled Tuesday Blitz"]
[Site "Chess.com"]
[Date "2019.07.02"]
[Round "7"]
[White "GuerrieroFromLevant"]
[Black "1d4_1-0"]
[Result "0-1"]
[WhiteElo "2247"]
[BlackElo "2227"]
[TimeControl "180+2"]
[EndTime "14:34:09 PDT"]
[Termination "1d4_1-0 won by resignation"]

1. e4 e5 2. Nf3 Nc6 3. Bc4 Bc5 4. O-O Nf6 5. d3 d6 6. c3 O-O 7. Re1 a6 8. a4 h6 9. b4 Ba7 10. Bb2 Re8 11. Qb3 Be6 12. Nbd2 d5 13. exd5 Bxd5 14. Bxd5 Nxd5 15. Nc4 Nf4 16. Ncxe5 Nxe5 17. Nxe5 Qg5 18. Qxf7+ Kh7 19. g3 Nh3+ 20. Kg2 Rf8 21. Qg6+ Qxg6 22. Nxg6 Rxf2+ 23. Kxh3 Kxg6 24. Bc1 Raf8 25. Bf4 Rf5 26.
Kg4 Rxh2 27. Re6+ Rf6 28. Rae1 h5+ 29. Kf3 Rf2+ 30. Ke4 Rxe6+ 0-1

[Event "*** Titled Tuesday Blitz"]
[Site "Chess.com"]
[Date "2019.07.02"]
[Round "7"]
[White "bluejay1897"]
[Black "GremioPrudente"]
[Result "1-0"]
[WhiteElo "2246"]
[BlackElo "2218"]
[TimeControl "180+2"]
[EndTime "14:34:11 PDT"]
[Termination "bluejay1897 won on time"]

1. Nf3 d5 2. g3 Nf6 3. Bg2 Bf5 4. O-O c6 5. c4 e6 6. d3 Be7 7. Qc2 O-O 8. Re1 Nbd7 9. cxd5 exd5 10. Nc3 Re8 11. e4 dxe4 12. dxe4 Bg6 13. Nh4 Bb4 14.
Nxg6 hxg6 15. Bg5 Qa5 16. Bd2 Rad8 17. a3 Bf8 18. Bf4 Nh5 19. Be3 Nhf6 20. Rad1 Ne5 21.
Rxd8 Qxd8 22. Rd1 Qa5 23. Ne2 Rd8 24. Rxd8 Qxd8 25. Bd4 Ned7 26. Bxa7 Qa5 27. Be3 Qe1+ 28. Bf1 Ng4 29. Qd2 Qb1 30. Qxd7 Nxe3 31. fxe3 Bc5 32. Qd2 Bxe3+ 33. Qxe3 Qxb2 34. Qd4 Qb1 35. e5 1-0

[Event "*** Titled Tuesday Blitz"]
[Site "Chess.com"]
[Date "2019.07.02"]
[Round "7"]
[White "TheCount"]
[Black "ckgchess"]
[Result "0-1"]
[WhiteElo "2771"]
[BlackElo "2709"]
[TimeControl "180+2"]
[EndTime "14:34:21 PDT"]
[Termination "ckgchess won by resignation"]

1. Nf3 Nf6 2. g3 d5 3. Bg2 e6 4.
O-O Be7 5. b3 O-O 6. Bb2 c5 7. d4 cxd4 8. Nxd4 e5 9. Nf3 e4 10. Nd4 Nc6 11. c4 Nxd4 12. Qxd4 dxc4 13. Qxc4 Be6 14. Qb5 Rc8 15. Nc3 e3 16. fxe3 Qd2 17.
Na4 Qxe3+ 18. Kh1 Rc2 19. Qxb7 Bd5 20. Bxd5 Nxd5 21. Rae1 Qe4+ 22. Kg1 Bg5 23. Rf3 Rxe2 24. Ref1 Be3+ 25. Kh1 Qc2 0-1

[Event "*** Titled Tuesday Blitz"]
[Site "Chess.com"]
[Date "2019.07.02"]
[Round "7"]
[White "Sajkochess"]
[Black "vugarrasulov"]
[Result "0-1"]
[WhiteElo "2246"]
[BlackElo "2753"]
[TimeControl "180+2"]
[EndTime "14:34:21 PDT"]
[Termination "vugarrasulov won by checkmate"]

1. d4 Nf6 2. Nf3 e6 3. e3 c5 4. Bd3 b6 5. O-O Ba6 6. c4 d5 7. cxd5 Bxd3 8. Qxd3 Nxd5 9. e4 Nb4 10. Qb5+ Qd7 11.
Na3 cxd4 12. Nxd4 Bc5 13. Nb3 Be7 14. Bf4 O-O 15. Rfd1 Qb7 16. f3 a6 17. Qe5 N8c6 18. Qc7 Qxc7 19. Bxc7 b5 20. Rd7 Rfc8 21. Rad1 Nxa2 22.
Na5 Bc5+ 23. Kf1 Nxa5 24. Bxa5 Nb4 25. Bxb4 Bxb4 26. Rb7 Rd8 27. Rdd7 Rxd7 28. Rxd7 h5 29. Nc2 Bc5 30. Rc7 Bd6 31. Rc6 Bxh2 32. Nb4 a5 33. Nd3 b4 34. Kf2 h4 35. f4 a4 36. Nxb4 Bxf4 37. Nd3 Bg3+ 38. Kf3 Rb8 39. Rc4 Rb3 40. Ke2 a3 41. bxa3 Rxa3 42. Rc8+ Kh7 43. Rc5 f6 44.
e5 Ra2+ 45. Kf3 Rd2 46. Ke3 Rxg2 47. exf6 gxf6 48. Kf3 Rd2 49. Nf4 Rf2+ 50. Kg4 Rxf4+ 51. Kh5 h3 52. Rf5 Rh4# 0-1

[Event "*** Titled Tuesday Blitz"]
[Site "Chess.com"]
[Date "2019.07.02"]
[Round "7"]
[White "Bryakin_Mikhail"]
[Black "Alex_Terzi"]
[Result "1-0"]
[WhiteElo "2672"]
[BlackElo "2471"]
[TimeControl "180+2"]
[EndTime "14:34:23 PDT"]
[Termination "Bryakin_Mikhail won by resignation"]

1. d4 Nf6 2. c4 e6 3. g3 d5 4. Bg2 dxc4 5. Nf3 c5 6. O-O Nc6 7. dxc5 Qxd1 8. Rxd1 Bxc5 9. Nbd2 c3 10. bxc3 O-O 11.
Nb3 Be7 12. Nfd4 Nxd4 13. cxd4 a5 14. Bg5 a4 15. Nc5 Bxc5 16. dxc5 Ra5 17. Bf4 Re8 18. Bd6 e5 19. Rab1 e4 20. a3 h6 21. Rb4 Bg4 22. Rxb7 Bxe2 23. Rd4 Rc8 24. Rbb4 Bd1 25. h4 Bb3 26.
Bxe4 Nxe4 27. Rxe4 Ra7 28. Kh2 Rd7 29. g4 Be6 30.
Kg3 Bb3 31. f3 Rdd8 32. Re7 Rc6 33. h5 Rdc8 34. Rbb7 Rd8 35. Ra7 Rdc8 36. f4 Rd8 37. g5 hxg5 38. fxg5 Rdxd6 39. cxd6 Rxd6 40. g6 Rf6 41. gxf7+ Bxf7 42. Rxa4 Bxh5 43. Raa7 Rg6+ 44. Kf4 Be2 45.
Rxe2 1-0

[Event "*** Titled Tuesday Blitz"]
[Site "Chess.com"]
[Date "2019.07.02"]
[Round "7"]
[White "Squirlolz"]
[Black "Airquake"]
[Result "0-1"]
[WhiteElo "2491"]
[BlackElo "2656"]
[TimeControl "180+2"]
[EndTime "14:34:25 PDT"]
[Termination "Airquake won by resignation"]

1. e4 b6 2. d4 Bb7 3. Bd3 e6 4. Nf3 d5 5. exd5 exd5 6. O-O Be7 7. Re1 Nf6 8. Qe2 c5 9. Bg5 Kf8 10.
Nc3 Nc6 11. Rad1 h6 12. Bxf6 Bxf6 13. dxc5 bxc5 14. Ba6 Bxa6 15. Qxa6 Nb4 16. Qb7 d4 17. Ne4 Be7 18. Nxc5 Bxc5 19. Nxd4 Qc8 20. Qf3 Bxd4 21. Rxd4 Nxc2 22. Rc4 Nxe1 23. Rxc8+ Rxc8 24. Qd1 Nd3 25. Qxd3 Rc1+ 0-1

[Event "*** Titled Tuesday Blitz"]
[Site "Chess.com"]
[Date "2019.07.02"]
[Round "7"]
[White "riconaipe"]
[Black "bubacik"]
[Result "0-1"]
[WhiteElo "2490"]
[BlackElo "2679"]
[TimeControl "180+2"]
[EndTime "14:34:30 PDT"]
[Termination "bubacik won by resignation"]

1. d4 Nf6 2. c4 c5 3. d5 b5 4. Nf3 g6 5. cxb5 Bg7 6. Nc3 O-O 7. e4 d6 8. Be2 a6 9. b6 Nbd7 10. a4 Qxb6 11. Nd2 Rb8 12. O-O Qc7 13. a5 Rb4 14. Nc4 Kh8 15. f3 Nh5 16. Be3 Ne5 17.
Nxe5 Bxe5 18. Qd2 Bd4 19. Bxd4+ Rxd4 20. Qh6 Rg8 21. g4 Nf6 22. g5 Nd7 23. f4 Qb8 24. f5 Qxb2 25. fxg6 Rxg6 26. Qh3 Rg7 27. Kh1 Qd2 28. Bg4 Rd3 29. Rf3 Qxc3 30. Rxd3 Qxa1+ 31. Rd1 Qa4 32. Rb1 Qxe4+ 0-1

[Event "*** Titled Tuesday Blitz"]
[Site "Chess.com"]
[Date "2019.07.02"]
[Round "7"]
[White "Kawhi_Leonard2"]
[Black "colegiodemadrid"]
[Result "0-1"]
[WhiteElo "2314"]
[BlackElo "2449"]
[TimeControl "180+2"]
[EndTime "14:34:37 PDT"]
[Termination "colegiodemadrid won on time"]

1. e4 c5 2. Nf3 d6 3. d4 cxd4 4. Nxd4 Nf6 5. Nc3 a6 6. h3 e5 7. Nb3 Be7 8. f4 exf4 9. Bxf4 Nc6 10. Qd2 Be6 11. O-O-O Ne5 12. g4 Nfd7 13. Nd4 b5 14. Nf5 Bxf5 15. gxf5 O-O 16. Nd5 Nf6 17. Nxf6+ Bxf6 18. Qxd6 Qxd6 19. Rxd6 Rfe8 20. Be2 Rac8 21. Rxa6 Nc4 22.
Bxc4 Rxc4 23. e5 Rxf4 24. exf6 Rxf5 25. Rg1 g6 26. Rb6 h5 27. Rd1 Re2 28. a3 g5 29.
Kb1 Kh7 30. b3 Kg6 31. Rd4 Ree5 32. Rb4 Rc5 0-1

[Event "*** Titled Tuesday Blitz"]
[Site "Chess.com"]
[Date "2019.07.02"]
[Round "7"]
[White "hermionegrangermagic"]
[Black "Padenie_Zvezd"]
[Result "0-1"]
[WhiteElo "2363"]
[BlackElo "2730"]
[TimeControl "180+2"]
[EndTime "14:34:38 PDT"]
[Termination "Padenie_Zvezd won by resignation"]

1. e4 c5 2. Nf3 Nc6 3. d4 cxd4 4. Nxd4 g6 5. Nc3 Bg7 6. Be3 Nf6 7. Bc4 Qa5 8. O-O O-O 9. Bb3 d6 10. f3 Bd7 11.
Qd2 Rfc8 12. h3 Ne5 13. f4 Nc4 14. Bxc4 Rxc4 15. Qd3 Rac8 16. Bf2 e5 17. Nb3 Qa6 18.
fxe5 dxe5 19. Bh4 Rxc3 20. Qxa6 bxa6 21. Bxf6 Rxc2 22. Bxg7 Kxg7 23. Rab1 Be6 24. Rf3 Re2 25. Rd3 Rcc2 26. Rg3 h5 27. Rc1 Rxc1+ 28. Nxc1 Re1+ 29. Kf2 Rxc1 30. Rc3 Rxc3 31. bxc3 Bxa2 0-1

[Event "*** Titled Tuesday Blitz"]
[Site "Chess.com"]
[Date "2019.07.02"]
[Round "7"]
[White "PNEPaul"]
[Black "przemekpiotrowski"]
[Result "1/2-1/2"]
[WhiteElo "1835"]
[BlackElo "2317"]
[TimeControl "180+2"]
[EndTime "14:34:41 PDT"]
[Termination "Game drawn by repetition"]

1. e4 c5 2. d4 cxd4 3. c3 d3 4. c4 Nc6 5. Nc3 g6 6. Nf3 Bg7 7. Bxd3 d6 8. O-O Nf6 9. h4 Bg4 10. Be2 Rc8 11. Be3 Bxf3 12. Bxf3 Ne5 13. Bxa7 Nxc4 14. e5 dxe5 15. Bxb7 Qxd1 16. Raxd1 Rc7 17.
Ba6 Nd6 18. Nb5 Rd7 19. Nxd6+ Rxd6 20. Bb5+ Kd8 21. Bc5 Rxd1 22. Rxd1+ Kc7 23. Bxe7 Kb6 24. Bxf6 Bxf6 25. Bc4 Bxh4 26. Bxf7 Rf8 27. Bd5 Bxf2+ 28. Kh1 Bd4 29. b3 Kc5 30. Bc4 e4 31. a4 e3 32.
a5 Bc3 33. a6 Bd2 34. Be2 Ra8 35. Ra1 Ra7 36. Ra4 h5 37. g3 Kb6 38. Kg2 Rf7 39. Bf3 Ra7 40. Be2 Rf7 41. Bf3 Ra7 42. Be2 1/2-1/2

[Event "*** Titled Tuesday Blitz"]
[Site "Chess.com"]
[Date "2019.07.02"]
[Round "7"]
[White "maximnovik"]
[Black "731291"]
[Result "0-1"]
[WhiteElo "2472"]
[BlackElo "2673"]
[TimeControl "180+2"]
[EndTime "14:34:51 PDT"]
[Termination "731291 won on time"]

1. c4 e5 2. g3 d6 3. Bg2 Be7 4.
Nc3 f5 5. d4 Nf6 6. dxe5 dxe5 7.
Qxd8+ Bxd8 8. Nf3 e4 9. Nd4 c6 10. f3 O-O 11. fxe4 Nxe4 12. Nxe4 fxe4 13. Bxe4 Bb6 14.
Nb3 Bf2+ 15. Kd1 Nd7 16. Kc2 Ne5 17. Nd2 Bg4 18. Bd3 Rae8 19. b3 c5 20. Bb2 Nc6 21. Bc3 Bxe2 22. Bxe2 Rxe2 23. Rhf1 Rd8 24. Rad1 Nb4+ 25.
Bxb4 cxb4 26. a3 Be3 27. axb4 Bxd2 0-1

[Event "*** Titled Tuesday Blitz"]
[Site "Chess.com"]
[Date "2019.07.02"]
[Round "7"]
[White "dolynachess"]
[Black "WPWPWP-2015"]
[Result "1-0"]
[WhiteElo "2460"]
[BlackElo "2387"]
[TimeControl "180+2"]
[EndTime "14:34:52 PDT"]
[Termination "dolynachess won by resignation"]

1. d4 Nf6 2. c4 e6 3. g3 Bb4+ 4. Nd2 O-O 5. Nf3 b6 6. Bg2 Bb7 7. O-O d5 8. Qc2 Nbd7 9. Rd1 Rc8 10. a3 Bxd2 11. Bxd2 c5 12. dxc5 Nxc5 13. Bc3 Nce4 14. cxd5 Nxc3 15. bxc3 Nxd5 16. e4 Rxc3 17. Qd2 Qf6 18.
exd5 Rxf3 19. d6 Bd5 20. Qd4 Qf5 21. Rac1 h5 22. d7 Rd8 23. Rc8 Qg5 24. Qh4 Qxh4 25. gxh4 Rf4 26. Rxd8+ 1-0

[Event "*** Titled Tuesday Blitz"]
[Site "Chess.com"]
[Date "2019.07.02"]
[Round "7"]
[White "sandager"]
[Black "warmoatmeal"]
[Result "0-1"]
[WhiteElo "2113"]
[BlackElo "1810"]
[TimeControl "180+2"]
[EndTime "14:34:53 PDT"]
[Termination "warmoatmeal won by resignation"]

1. e4 c5 2. Nf3 e6 3. d4 cxd4 4.
Nxd4 a6 5. Be2 Nf6 6. Nc3 Bb4 7. Qd3 d6 8. O-O Nbd7 9. Nb3 Nc5 10. Nxc5 dxc5 11. Qxd8+ Kxd8 12. Bg5 h6 13. Rad1+ Ke7 14. Bxf6+ gxf6 15. Rd3 Bd7 16. a3 Ba5 17. Rfd1 Bc6 18. Bf3 Rhd8 19. Ne2 b5 20. Nf4 c4 21. Rxd8 Rxd8 22.
Rxd8 Kxd8 23. Kf1 Bd2 24. Ne2 Ke7 25. Nd4 Bb7 26. Ke2 Bc1 27. b3 cxb3 28. Nxb3 Bxa3 29.
Kd3 Bd6 30. g3 f5 31. Bg2 Kd8 32. Nd4 Kc7 33. f3 f4 34. Ne2 fxg3 35. hxg3 Kb6 36. f4 Bc5 37. Nd4 Bxd4 38. Kxd4 a5 39. c3 a4 40. Bf3 a3 0-1

[Event "*** Titled Tuesday Blitz"]
[Site "Chess.com"]
[Date "2019.07.02"]
[Round "7"]
[White "Bagirova"]
[Black "ethylalcohol"]
[Result "0-1"]
[WhiteElo "1907"]
[BlackElo "2096"]
[TimeControl "180+2"]
[EndTime "14:34:58 PDT"]
[Termination "ethylalcohol won by resignation"]

1. e4 e6 2. d4 d5 3. Nd2 c5 4.
exd5 Qxd5 5. Ngf3 Nf6 6. Bc4 Qd6 7. O-O cxd4 8. Nb3 Nc6 9. Bb5 Bd7 10. Bxc6 Bxc6 11.
Nbxd4 Rd8 12. Be3 Be7 13. Qe2 O-O 14. Rad1 Nd5 15. Bg5 Bxg5 16. Nxg5 Nf4 17. Qg4 h5 18. Qg3 Qxd4 19. Rxd4 Ne2+ 20. Kh1 Nxg3+ 21. hxg3 Rxd4 22. f4 Rd2 23. Rg1 Rfd8 24. f5 exf5 25. Nh3 Rxc2 26. Nf4 g6 27. Re1 Re8 28. Rd1 Rxb2 0-1

[Event "*** Titled Tuesday Blitz"]
[Site "Chess.com"]
[Date "2019.07.02"]
[Round "7"]
[White "dopolian"]
[Black "HanSchut"]
[Result "1-0"]
[WhiteElo "2344"]
[BlackElo "2211"]
[TimeControl "180+2"]
[EndTime "14:35:05 PDT"]
[Termination "dopolian won by resignation"]

1. e4 c5 2. Nf3 d6 3. d4 cxd4 4.
Nxd4 Nf6 5. Nc3 a6 6. g3 g6 7. Bg2 Bg7 8. O-O O-O 9. a4 Nc6 10. Be3 Bd7 11. h3 Rc8 12. f4 Na5 13.
Bf2 Nc4 14. b3 Na5 15. Nd5 Nxd5 16. exd5 Qc7 17. c4 b6 18. Qf3 Rb8 19. Rac1 Nb7 20.
Rfe1 Rfe8 21. Nc6 Bxc6 22. dxc6 Nd8 23. b4 b5 24. cxb5 axb5 25. a5 e6 26. Kh2 d5 27.
Bb6 Rxb6 28. axb6 Qxb6 29. c7 Nc6 30. Qxd5 Nxb4 31. c8=Q Rxc8 32. Rxc8+ Bf8 33. Qd8 1-0

[Event "*** Titled Tuesday Blitz"]
[Site "Chess.com"]
[Date "2019.07.02"]
[Round "7"]
[White "larso"]
[Black "IMRosen"]
[Result "0-1"]
[WhiteElo "2777"]
[BlackElo "2601"]
[TimeControl "180+2"]
[EndTime "14:35:07 PDT"]
[Termination "IMRosen won by resignation"]

1. e4 e5 2. Nc3 Nf6 3. Bc4 Nc6 4. d3 Na5 5. Qf3 Nxc4 6. dxc4 d6 7. Nge2 Be7 8. h3 Be6 9. b3 O-O 10. g4 c6 11. Bg5 Nd7 12. Bxe7 Qxe7 13. O-O-O Rfd8 14. h4 a5 15. a4 Nb6 16. Ng3 d5 17. cxd5 Qa3+ 18.
Kb1 cxd5 19. exd5 Bxd5 20. Nxd5 Nxa4 21. Qc3 Nxc3+ 22. Nxc3 Qb4 23. Nd5 Qxg4 24. Nf5 Kh8 25. Nfe3 Qe4 26. Rhg1 a4 27. Rg4 Qf3 28. b4 a3 29.
Rdg1 Rxd5 30. Nxd5 Qxd5 31. R4g3 a2+ 32. Ka1 Qd4+ 33. c3 Qxf2 34. R3g2 Qf3 35. Rc2 g6 36. Kb2 Qd5 37. Ra1 Qc4 38. Rd2 Kg7 39. Rc2 e4 40.
Rd2 e3 0-1

[Event "*** Titled Tuesday Blitz"]
[Site "Chess.com"]
[Date "2019.07.02"]
[Round "7"]
[White "Manukyan_Artak"]
[Black "DonPreuss"]
[Result "1/2-1/2"]
[WhiteElo "2316"]
[BlackElo "2178"]
[TimeControl "180+2"]
[EndTime "14:35:07 PDT"]
[Termination "Game drawn by repetition"]

1. e4 e5 2. Nf3 d5 3. Nxe5 Bd6 4. d4 dxe4 5. Nc4 Ne7 6. Nxd6+ cxd6 7.
c4 O-O 8. Nc3 f5 9. Be2 Ng6 10.
O-O Nc6 11. g3 f4 12. Nxe4 Bh3 13. Re1 d5 14. Nc3 dxc4 15. Bxc4+ Kh8 16. Bd5 Qg5 17. Bg2 Bxg2 18. Kxg2 Nh4+ 19. Kh1 Ng6 20. d5 Nce5 21. Ne4 Qh6 22. d6 Qh3 23. Ng5 Qh6 24. Ne6 Qh3 25.
Rxe5 Nxe5 26. Nxf8 Ng4 27. Qg1 fxg3 28. fxg3 Rxf8 29. Bf4 Rxf4 30. gxf4 Qf3+ 31. Qg2 Nf2+ 32. Kg1 Nh3+ 33. Kh1 Nf2+ 34. Kg1 Nh3+ 35. Kh1 Nf2+ 1/2-1/2